Map: New Gettysburg LE

Players

Gracz

  • Race: Terran Terran
  • League: Silver

Rattus - Winner!

  • Race: Zerg Zerg
  • League: Silver

VOD

Have the link to the VOD?

Description

Time

  • Played on: Oct. 26, 2016, 12:55 p.m.
  • Length: 8:11
Show
View Real Time Build Order
Export as new Build Order

Gracz Terran 

Build Orders:  

Get SALT Encoding   

  12  0:01  SCV  
  13  0:15  Supply Depot  
  13  0:19  SCV  
  14  0:28  Refinery  
  14  0:38  Barracks  
  14  0:42  SCV  
  15  0:56  SCV  
  16  1:00  Refinery  
  16  1:08  SCV  
  17  1:20  SCV  
  18  1:28  Barracks Tech Lab, Supply Depot  
  18  1:32  SCV  
  19  1:43  Ghost Academy  
  19  1:46  SCV  
  20  1:54  Factory  
  20  2:07  Orbital Command  
  20  2:26  Ghost  
  22  2:35  Supply Depot  
  22  2:37  SCV  
  23  2:48  Personal Cloaking  
  23  2:53  Factory Tech Lab  
  23  3:03  Ghost  
  25  3:16  SCV  
  26  3:31  Starport  
  26  3:34  Barracks, Ghost  
  28  3:56  SCV  
  29  4:06  Ghost  
  29  4:09  Starport Reactor, SCV  
  32  4:20  Barracks Tech Lab  
  32  4:32  Unknown, Command Center  
  32  4:49  Nuke  
  32  4:50  Ghost  
  34  5:26  Ghost x2  
  38  5:31  SCV  
  38  5:35  Supply Depot  
  39  5:43  Unknown  
  39  5:46  SCV  
  39  5:48  Orbital Command  
  36  6:26  Combat Shields  
  36  6:31  Engineering Bay  
  36  6:33  Engineering Bay  
  36  6:37  Barracks x2, Siege Tank  
  39  6:40  SCV x2  
  39  6:42  Refinery  
  38  7:07  Liberator  
  16  7:22  Marine  
  16  7:23  Marine  
  11  7:40  Marine x2  
  9  7:52  Unknown, Command Center  
Show
View Real Time Build Order
Export as new Build Order

Rattus Zerg - Winner!

Build Orders: Pool First 

Get SALT Encoding   

  12  0:01  Drone  
  13  0:10  Drone  
  14  0:18  Overlord  
  14  0:37  Drone x2  
  14  0:38  Drone  
  17  0:56  Drone  
  18  1:00  Spawning Pool  
  17  1:04  Drone  
  18  1:16  Unknown, Hatchery  
  18  1:18  Drone  
  18  1:21  Extractor  
  18  1:24  Extractor, Drone  
  17  1:33  Drone  
  18  1:50  Drone  
  19  2:06  Spine Crawler  
  18  2:09  Spine Crawler  
  18  2:15  Lair  
  17  2:23  Drone x3  
  17  2:27  Unknown  
  20  2:38  Drone x2  
  22  2:54  Drone x3  
  25  3:04  Spine Crawler  
  24  3:06  Drone x2  
  26  3:17  Spore Crawler  
  26  3:18  Overlord x2  
  25  3:33  Spine Crawler  
  24  3:44  Drone x4  
  24  3:45  Drone x2  
  30  3:53  Spire  
  29  4:07  Unknown, Hatchery  
  28  4:23  Spine Crawler  
  27  4:27  Spore Crawler  
  27  4:29  Drone x3  
  27  4:30  Drone x3  
  32  4:34  Extractor  
  32  4:35  Extractor  
  30  4:48  Overlord  
  30  4:49  Overlord  
  30  4:52  Queen  
  32  5:02  Overlord  
  32  5:12  Mutalisk x3  
  38  5:19  Unknown  
  38  5:22  Zerg Flyer Weapons Level 1  
  38  5:23  Overseer  
  38  5:26  Pneumatized Carapace  
  38  5:31  Drone x4  
  42  5:39  Mutalisk  
  42  5:42  Mutalisk  
  44  5:45  Mutalisk  
  48  5:50  Mutalisk  
  50  6:24  Mutalisk x4  
  58  6:59  Overlord  
  58  7:00  Overlord  
  56  7:22  Mutalisk x3  
  56  7:23  Mutalisk x3  
Tags
 
Add a new tag
Caveats
  • Supply blocks, unpowered buildings, or Contaminate may cause inaccurate times.
  • Supply counts are checked every 10 seconds.